 Dungeon Crawl Stone Soup version 0.18.1-50-g88ac8fd (webtiles) character file.

8997 magog001 the Blocker (level 11, -6/99 HPs)
             Began as a Minotaur Fighter on July 2, 2018.
             Was a Follower of Nemelex Xobeh.
             Killed by divine providence
             ... invoked by an orc priest
              (15 damage)
             ... on level 9 of the Dungeon.
             The game lasted 00:48:07 (9325 turns).

magog001 the Blocker (Minotaur Fighter)             Turns: 9325, Time: 00:48:08

Health: -6/99      AC: 15    Str: 25    XL:     11   Next: 17%
Magic:  10/10      EV:  9    Int:  5    God:    Nemelex Xobeh [*.....]
Gold:   531        SH: 12    Dex: 11    Spells: 0 memorised, 10 levels left

rFire  x . .     SeeInvis +     A - +0 flail (venom)
rCold  + . .     Gourm    .     t - +3 ring mail of Hide-and-Seek {rPois SInv Stlth-}
rNeg   . . .     Faith    .     c - +0 shield
rPois  +         Spirit   .     o - +1 hat
rElec  .         Dismiss  .     (no cloak)
rCorr  .         Reflect  .     j - +0 pair of gloves
SustAt .         Harm     .     F - +2 pair of boots
MR     .....                    b - amulet of regeneration
Stlth  +.........               L - ring of ice
                                D - ring of stealth

@: heavily drained, not resistant to hostile enchantments, very unstealthy
A: retaliatory headbutt, horns 2, agile 1, blink, mutation resistance 1
a: Blink, Renounce Religion


You were on level 9 of the Dungeon.
You worshipped Nemelex Xobeh.
Nemelex Xobeh was aware of your devotion.
You were not hungry.

You visited 3 branches of the dungeon, and saw 11 of its levels.

You collected 949 gold pieces.
You spent 418 gold pieces at shops.

Inventory:

Hand Weapons
 A - a +0 flail of venom (weapon)
 J - a +1 morningstar of holy wrath
Missiles
 x - 27 poisoned needles
 E - 37 sling bullets
 N - 8 tomahawks (quivered)
 Q - 2 javelins
Armour
 c - a +0 shield (worn)
 j - a +0 pair of gloves (worn)
 o - a +1 hat (worn)
 t - the +3 ring mail of Hide-and-Seek (worn) {rPois SInv Stlth-}
   (You found it on level 8 of the Dungeon)

   It protects you from poison.
   It lets you see invisible.
   It makes you less stealthy.
 F - a +2 pair of boots (worn)
Jewellery
 b - an amulet of regeneration (around neck)
 D - a ring of stealth (left hand)
 L - a ring of ice (right hand)
Wands
 K - a wand of flame (29/48)
Scrolls
 g - 2 scrolls of magic mapping
 k - 2 scrolls of identify
 m - 5 scrolls of remove curse
 v - a scroll of fog
 y - 2 scrolls of recharging
 G - 3 scrolls of fear
Potions
 e - 2 potions of haste
 q - 2 potions of brilliance
 r - 6 potions of curing
 s - 3 potions of cancellation
 u - a potion of agility
 w - a potion of cure mutation
 z - a potion of magic
 C - 2 potions of flight
 P - a potion of resistance
Miscellaneous
 I - a plain deck of destruction {drawn: 2}
Comestibles
 a - 9 chunks of flesh
 f - 8 bread rations
 l - 7 meat rations
 n - a beef jerky
 M - a slice of pizza


   Skills:
 * Level 10.0(7.9) Fighting
   Level 4.6(5.3) Axes
 * Level 8.8(7.2) Maces & Flails
 + Level 0.2(0.0) Throwing
 * Level 10.2(8.1) Armour
 * Level 12.9(10.6) Shields
 + Level 0.1(0.0) Evocations


You had 10 spell levels left.
You didn't know any spells.

Dungeon Overview and Level Annotations

Branches:
Dungeon (9/15)             Temple (1/1) D:7             Orc (1/2) D:9
   Lair: D:8-11

Altars:
Dithmenos
Elyvilon
Fedhas
Makhleb
Nemelex Xobeh
Okawaru
Trog
Zin
The Shining One

Shops:
D:4 !

Annotations:
D:7 1 runed door


Innate Abilities, Weirdness & Mutations

You reflexively headbutt those who attack you in melee.
You have a pair of horns on your head.
You are agile. (Dex +2)
You can translocate small distances at will.
You are somewhat resistant to further mutation.


Message History

The orc priest barely misses you. You block the orc priest's attack.
The orc warrior hits you but does no damage.
The orc priest calls upon Beogh to heal the orc priest.
The orc priest is healed somewhat.
Things that are here:
a dagger; a ring mail; an orc corpse The orc priest hits you but does no damage.
The orc priest mumbles some strange prayers to Beogh against you.
Beogh smites you!
* * * LOW HITPOINT WARNING * * *
Items here: )) [[ a ring mail; a whip; a plate armour; a hand axe You kill the orc priest!
You block the orc warrior's attack.
Your ring mail of Hide-and-Seek prevents you from hitting the orc warrior.
The orc warrior is almost dead.
The orc priest calls down the wrath of Beogh upon you.
Beogh smites you!
You die...
Your body disappears without a glow.

# #####..##.##.#)###### ##.. #
#.##......##.##).##.# ####... #
##...[...#.....#.##.# #..'... #
#.##)##..#.#.##).#.###.##... #
#..##...##.##.#).#.##.<##... #
#.####)).##.#..###.##.###... ###
###..[>).......# #.#..# #...
..### #.#)[#.o###.## #.#.## #...
#...####...#.#.o@#.# #.'.# ####
###.##........##.[#####.### #
#.#...)#..#....#.#.#### ###
###'##)...##.#..##....# ##..
....##.###...####.#.#.# #..#
....##.#..##...[.....##### ##'##
....##.##..###..##....#..# #....
....###......#####.##....####....
....# #..##### ######..'..#....


You could see an orc warrior and an orc priest.

Vanquished Creatures
  Maud (D:9)
  2 orc knights (D:9)
  Psyche (D:8)
  2 trolls (D:9)
  Sigmund (D:5)
  4 yaks (D:9)
  A warg (D:9)
  12 orc warriors
  An ice beast (D:5)
  A necrophage (D:6)
  8 ogres
  2 centaurs
  A big kobold (D:8)
  6 giant frogs
  A gnoll sergeant (D:9)
  2 scorpions
  11 killer bees
  A howler monkey (D:7)
  2 centaur zombies
  5 crimson imps
  A giant frog zombie (D:7)
  14 orc priests
  A centaur skeleton (D:8)
  5 hounds
  15 orc wizards
  3 iguanas
  9 worker ants
  Terence (D:3)
  A hound zombie (D:5)
  2 hound skeletons
  A mummy (D:4)
  A worker ant zombie (D:5)
  8 gnolls
  7 adders
  An adder zombie (D:9)
  2 worms
  3 dart slugs
  4 giant geckos
  51 orcs
  5 giant cockroaches
  9 goblins
  8 hobgoblins
  2 jackals (D:6)
  6 kobolds
  3 quokkas
  4 ball pythons
  8 bats
  2 giant newts
  A hobgoblin zombie (D:4)
  A kobold zombie (D:4)
  2 orc zombies (D:4)
  2 quokka skeletons
  6 rats
254 creatures vanquished.

Vanquished Creatures (others)
  An orc wizard (D:4)
1 creature vanquished.

Grand Total: 255 creatures vanquished

Notes
Turn   | Place    | Note
--------------------------------------------------------------
     0 | D:1      | magog001 the Minotaur Fighter began the quest for the Orb.
     0 | D:1      | Reached XP level 1. HP: 19/19 MP: 0/0
   367 | D:1      | Reached skill level 4 in Shields
   367 | D:1      | Reached XP level 2. HP: 26/27 MP: 1/1
   724 | D:2      | Found a faded altar to an unknown god.
   746 | D:2      | Reached XP level 3. HP: 31/33 MP: 2/2
  1130 | D:3      | Noticed Terence
  1161 | D:3      | Killed Terence
  1161 | D:3      | Reached XP level 4. HP: 24/40 MP: 3/3
  1547 | D:3      | Reached skill level 5 in Shields
  1646 | D:3      | Reached XP level 5. HP: 46/46 MP: 4/4
  1734 | D:3      | Found a shadowy altar of Dithmenos.
  2145 | D:3      | Noticed an orc warrior
  2148 | D:3      | Reached skill level 5 in Armour
  2148 | D:3      | Reached XP level 6. HP: 50/53 MP: 5/5
  2160 | D:3      | Killed an orc warrior
  2160 | D:3      | Reached skill level 6 in Shields
  2373 | D:4      | Reached skill level 1 in Maces & Flails
  2519 | D:4      | Noticed an orc warrior
  2531 | D:4      | Reached XP level 7. HP: 52/60 MP: 6/6
  2547 | D:4      | Reached skill level 5 in Fighting
  2890 | D:4      | Found a white marble altar of Elyvilon.
  3088 | D:4      | Reached skill level 7 in Shields
  3172 | D:4      | Found Ojish's Distillery.
  3177 | D:4      | Bought a potion of curing for 33 gold pieces
  3643 | D:5      | Entered Level 5 of the Dungeon
  3662 | D:5      | Noticed Sigmund
  3672 | D:5      | Killed Sigmund
  3672 | D:5      | Reached XP level 8. HP: 68/70 MP: 7/7
  3773 | D:5      | Reached skill level 8 in Shields
  4111 | D:5      | Gained mutation: You can translocate small distances at will. [potion of mutation]
  4111 | D:5      | Gained mutation: You are agile. (Dex +2) [potion of mutation]
  4111 | D:5      | Gained mutation: You are somewhat resistant to further mutation. [potion of mutation]
  4734 | D:6      | Found a glowing golden altar of the Shining One.
  4938 | D:6      | Reached skill level 9 in Shields
  5093 | D:6      | Reached skill level 5 in Maces & Flails
  5119 | D:6      | Reached XP level 9. HP: 66/78 MP: 8/8
  5448 | D:7      | Found a staircase to the Ecumenical Temple.
  5493 | Temple   | Entered the Ecumenical Temple
  5514 | Temple   | Became a worshipper of Nemelex Xobeh the Trickster
  5540 | D:7      | Received a gift from Nemelex Xobeh
  6087 | D:7      | Found a glowing silver altar of Zin.
  6087 | D:7      | Noticed an angel
  6088 | D:7      | Found a runed door.
  6231 | D:8      | Reached skill level 10 in Shields
  6415 | D:8      | Reached * piety under Nemelex Xobeh
  6538 | D:8      | Found a bloodstained altar of Trog.
  6540 | D:8      | Found a burning altar of Makhleb.
  6560 | D:8      | Found an iron altar of Okawaru.
  6565 | D:8      | Found a glowing golden altar of the Shining One.
  6619 | D:8      | Noticed Psyche
  6638 | D:8      | Killed Psyche
  6684 | D:8      | Got a faintly glowing ring mail
  6695 | D:8      | Identified the +3 ring mail of Hide-and-Seek {rPois SInv Stlth-} (You found it on level 8 of the Dungeon)
  7010 | D:4      | Bought a potion of beneficial mutation for 385 gold pieces
  7293 | D:9      | Reached XP level 10. HP: 59/89 MP: 9/9
  7339 | D:9      | Found a staircase to the Orcish Mines.
  7519 | D:9      | Reached skill level 11 in Shields
  7962 | Orc:1    | Entered Level 1 of the Orcish Mines
  7962 | Orc:1    | Noticed an orc knight
  7964 | Orc:1    | Noticed Maud
  7992 | D:9      | Killed an orc knight
  8115 | D:9      | Killed Maud
  8115 | D:9      | Reached skill level 10 in Armour
  8115 | D:9      | Reached skill level 12 in Shields
  8639 | Orc:1    | Reached XP level 11. HP: 94/98 MP: 10/10
  8710 | Orc:1    | Noticed an orc knight
  8745 | D:9      | Killed an orc knight
  8974 | D:9      | Reached skill level 10 in Fighting
  9325 | D:9      | Killed from afar by an orc priest

Skill      XL: |  1  2  3  4  5  6  7  8  9 10 11 |
---------------+----------------------------------+-----
Shields        | 4 5 6 7 9 10 12 | 12.9
Armour         | 4 5 6 7 9 10 | 10.2
Axes           | 3 4 |  4.6
Fighting       | 4 5 7 8 9 10 | 10.0
Maces & Flails | 1 3 5 6 8 |  8.8
Throwing       | |  0.2
Evocations     | |  0.1

Action                   |  1- 3 |  4- 6 |  7- 9 | 10-12 || total
-------------------------+-------+-------+-------+-------++-------
Melee: War axe           |    96 |    94 |       |       ||   190
       Headbutt          |    17 |    20 |    71 |    64 ||   172
       Flail             |       |    27 |   363 |   255 ||   645
Throw: Tomahawk          |       |       |       |     6 ||     6
Evoke: Deck              |       |       |       |     2 ||     2
       Wand              |       |       |       |     1 ||     1
  Use: Potion            |       |     1 |     2 |     4 ||     7
       Scroll            |       |       |    22 |     3 ||    25
 Stab: Distracted        |       |       |       |     1 ||     1
  Eat: Chunk             |     1 |     4 |    10 |     6 ||    21
       Pizza             |       |       |     3 |       ||     3
       Beef jerky        |       |       |     1 |       ||     1
       Royal jelly       |       |       |       |     1 ||     1
Armor: Scale mail        |    20 |       |       |       ||    20
       Plate armour      |    48 |    70 |   227 |       ||   345
       Ring mail         |       |       |    10 |    94 ||   104
       Skin              |       |       |       |    32 ||    32
Dodge: Dodged            |    22 |    18 |    90 |    86 ||   216
Block: Shield            |    77 |    45 |   262 |   226 ||   610
